 Dungeon Crawl Stone Soup version 0.24.0-1-gfbc8707122 (webtiles) character file.

Game seed: 11405912526293046083, levelgen mode: deterministic

38523 MTVSty1e the Severer (level 13, -9/183 HPs)
             Began as a Minotaur Fighter on Oct 28, 2019.
             Was a High Priest of Okawaru.
             Mangled by a wyvern (12 damage)
             ... on level 6 of the Lair of Beasts.
             The game lasted 00:23:23 (17947 turns).

MTVSty1e the Severer (Minotaur Fighter)            Turns: 17947, Time: 00:23:23

Health: -9/183     AC: 20    Str: 33    XL:     13   Next: 64%
Magic:  15/17      EV:  6    Int:  5    God:    Okawaru [*****.]
Gold:   1027       SH: 11    Dex: 15    Spells: 12/12 levels left

rFire    + . .     SeeInvis .   a - +1 war axe
rCold    . . .     Gourm    .   c - +0 shield
rNeg     . . .     Faith    .   y - +1 plate armour
rPois    .         Spirit   .   (helmet restricted)
rElec    +         Reflect  .   E - +1 cloak
rCorr    .         Harm     .   i - -2 pair of gloves of the Shining Light {rElec rC- Str+4 Dex+3}
MR       .....                  J - +1 pair of boots {Stlth+}
Stlth    ..........             L - amulet of the acrobat
HPRegen  0.40/turn              k - ring of protection from cold
MPRegen  0.15/turn              K - ring of protection from fire

@: berserking, hasted (expiring), very quick
A: retaliatory headbutt, horns 2
a: Heroism, Finesse, Renounce Religion


You were on level 6 of the Lair of Beasts.
You worshipped Okawaru.
Okawaru was extremely pleased with you.
You were not hungry.

You visited 3 branches of the dungeon, and saw 18 of its levels.

You collected 1027 gold pieces.

Inventory:

Hand Weapons
 a - a +1 war axe (weapon)
 u - a +0 mace of holy wrath
Armour
 c - a +0 shield (worn)
 i - the -2 pair of gloves of the Shining Light (worn) {rElec rC- Str+4 Dex+3}
   (You found it on level 7 of the Dungeon)

   It affects your strength (+4).
   It affects your dexterity (+3).
   It makes you vulnerable to cold.
   It insulates you from electricity.
 y - a +1 plate armour (worn)
 E - a +1 cloak (worn)
 J - a +1 pair of boots of stealth (worn)
 N - a +1 pair of gloves of archery
Jewellery
 b - an uncursed ring of magical power
 g - a +3 ring of intelligence
 k - a ring of protection from cold (left hand)
 n - an uncursed amulet of rage
 v - an uncursed ring of ice
 H - a +2 ring of intelligence
 K - a ring of protection from fire (right hand)
 L - an amulet of the acrobat (around neck)
 P - an uncursed ring of positive energy
 S - an uncursed ring of fire
Wands
 q - a wand of digging (6)
 w - a wand of polymorph (11)
 x - a wand of flame (27)
 D - a wand of paralysis (7)
 F - a wand of acid (26)
 I - a wand of random effects (18)
Scrolls
 e - 5 scrolls of remove curse
 h - 11 scrolls of teleportation
 l - 2 scrolls of immolation
 A - 2 scrolls of magic mapping
 M - 2 scrolls of amnesia
Potions
 d - 7 potions of curing
 j - 4 potions of flight
 m - 4 potions of brilliance
 o - a potion of agility
 r - a potion of invisibility
 s - 3 potions of ambrosia
 t - 2 potions of lignification
 B - 3 potions of magic
 C - 2 potions of cancellation
 G - a potion of mutation
Comestibles
 f - 9 rations


   Skills:
 * Level 13.4 Fighting
 + Level 19.9 Axes
 + Level 10.2 Armour
 - Level 3.6 Shields
 + Level 7.9 Invocations


You had 12 spell levels left.
You didn't know any spells.
Your spell library contained the following spells:

 Spells                   Type           Power        Failure   Level  Hunger
 Animate Skeleton         Necr           N/A          100%        1    ##.....
 Beastly Appendage        Tmut           #.....       100%        1    ##.....
 Magic Dart               Conj           #...         100%        1    ##.....
 Pain                     Necr           #...         100%        1    ##.....
 Sandblast                Erth           #.....       100%        1    ##.....
 Blink                    Tloc           N/A          100%        2    ###....
 Call Imp                 Summ           #.......     100%        2    ###....
 Passwall                 Tmut/Erth      #.......     100%        2    ###....
 Slow                     Hex            #.......     100%        2    ###....
 Sticks to Snakes         Tmut           #.......     100%        2    ###....
 Conjure Flame            Conj/Fire      #.......     100%        3    ####...
 Mephitic Cloud           Conj/Pois/Air  #.......     100%        3    ####...
 Regeneration             Chrm/Necr      #.........   100%        3    ####...
 Spider Form              Tmut/Pois      #.........   100%        3    ####...
 Stone Arrow              Conj/Erth      #.....       100%        3    ####...
 Vampiric Draining        Necr           #.........   100%        3    ####...
 Animate Dead             Necr           N/A          100%        4    #####..
 Ice Form                 Ice/Tmut       #.......     100%        4    #####..
 Petrify                  Tmut/Erth      #.......     100%        4    #####..
 Blade Hands              Tmut           #.........   100%        5    ######.
 Lee's Rapid Deconstruct  Erth           #.........   100%        5    ######.


Dungeon Overview and Level Annotations

Branches:
Dungeon (11/15)            Temple (1/1) D:4            Lair (6/6) D:9
  Swamp (0/4) Lair:4       Spider (0/4) Lair:2        Slime (0/5) Lair:5
    Orc (0/2) D:9

Altars:
Ashenzari
Cheibriados
Dithmenos
Elyvilon
Fedhas
Gozag
Hepliaklqana
Kikubaaqudgha
Makhleb
Nemelex Xobeh
Okawaru
Qazlal
Ru
Sif Muna
Trog
Uskayaw
Vehumet
Wu Jian
Xom
Yredelemnul
Zin
The Shining One
Jiyva
Lugonu

Annotations:
D:10 3 runed translucent doors, Erac's ghost, journeyman MfTm
Lair:1 3 runed translucent doors, Purph's ghost, journeyman MiBe


Innate Abilities, Weirdness & Mutations

You reflexively headbutt those who attack you in melee.
You have a pair of horns on your head.


Message History

The wyvern bites you!
* * * LOW HITPOINT WARNING * * *
The basilisk bites the fungus!
The fungus is destroyed!
The hippogriff bites you but does no damage.
The hippogriff completely misses you.
The hippogriff claws you but does no damage.
The wyvern bites you but does no damage.
The hippogriff bites you but does no damage.
The hippogriff pecks you.
* * * LOW HITPOINT WARNING * * *
The hippogriff claws you but does no damage.
The basilisk bites the plant.
The basilisk bites you.
* * * LOW HITPOINT WARNING * * *
You turn to flesh and can move again.
Okay, then.
A red film seems to cover your vision as you go berserk!
Your finesse ends abruptly.
You feel yourself moving faster!
You feel mighty! The wyvern bites you!
You die...

#....)....P†.††.......
#....##....###†....#.
##..##.#....##.....P#
#.#.................#
###.#.P........#.......
#..................#..
#..#....Pl.....#...# .
##......ll.........#
#.......@Hl..........
##.......H.P.........
#.....P.#P.PP...P...
##...÷..............
##....#.......P....
#.................
#.........P...P.#
#..........P....
#.P<.......... .......


You could see 2 hippogriffs, 3 basilisks and a wyvern.

Vanquished Creatures
  Rupert (Lair:5)
  Josephine (D:10)
  Fannar (D:10)
  4 hydras
  A two-headed ogre (D:8)
  4 death yaks
  Nergalle (Lair:4)
  A fire crab (Lair:6)
  A manticore (Lair:6)
  A black mamba (Lair:6)
  8 spiny frogs
  3 rime drakes
  6 komodo dragons
  3 trolls
  A polar bear (Lair:4)
  A hornet (D:7)
  2 jumping spiders (Lair:2)
  13 blink frogs
  A bog body (Lair:4)
  9 hippogriffs
  Grinder (D:4)
  A shadow (D:11)
  22 yaks
  5 wraiths
  Grum (D:8)
  Eustachio (D:5)
  7 wyverns
  2 basilisks
  A steam dragon (D:10)
  A hungry ghost (D:10)
  Edmund (D:4)
  3 porcupines
  9 water moccasins
  A hell hound (Lair:6)
  2 phantoms (D:4)
  A black bear (D:9)
  2 ice beasts
  Duvessa (D:6)
  3 sky beasts
  3 orc warriors
  6 centaurs
  9 ogres
  6 wolves
  7 crocodiles
  17 bullfrogs
  Dowan (D:6)
  A gnoll sergeant (D:10)
  A water moccasin zombie (D:8)
  2 scorpions
  5 killer bees (D:7)
  6 wights
  2 electric eels (D:9)
  2 howler monkeys (D:7)
  A centaur zombie (D:5)
  A bullfrog zombie (D:6)
  4 crimson imps
  6 jellies
  Crazy Yiuf (D:7)
  5 hounds
  5 orc priests
  11 orc wizards
  A centaur skeleton (D:9)
  2 bullfrog skeletons
  3 iguanas
  10 worker ants
  A hound zombie (D:11)
  A hound skeleton (D:10)
  A worker ant zombie (D:9)
  12 adders
  7 gnolls
  A shadow imp (D:9)
  5 oozes (D:10)
  An adder zombie (D:8)
  4 worms (D:2)
  2 dart slugs
  5 leopard geckos
  43 orcs
  12 bats
  4 giant cockroaches
  12 goblins
  10 hobgoblins
  4 jackals (D:6)
  4 quokkas
  A ball python (D:6)
  3 frilled lizards
  A jackal skeleton (D:4)
  8 kobolds
  2 leopard gecko skeletons
  A leopard gecko zombie (D:7)
  A quokka skeleton (D:8)
  4 rats
  7 fungi
  5 plants (D:9)
408 creatures vanquished.

Vanquished Creatures (others)
  A bog body (Lair:4)
  An orc wizard (D:6)
  2 fungi
  A plant (D:9)
5 creatures vanquished.

Grand Total: 413 creatures vanquished

Notes
Turn   | Place    | Note
-------+----------+-------------------------------------------
     0 | D:1      | MTVSty1e the Minotaur Fighter began the quest for the Orb.
     0 | D:1      | Reached XP level 1. HP: 19/19 MP: 0/0
    46 | D:1      | Reached skill level 3 in Axes
    57 | D:1      | Reached XP level 2. HP: 24/26 MP: 1/1
   482 | D:1      | Reached skill level 4 in Axes
   754 | D:2      | Reached XP level 3. HP: 29/31 MP: 2/2
   795 | D:2      | Found a stormy altar of Qazlal.
   894 | D:2      | Found a shadowy altar of Dithmenos.
   894 | D:2      | Found a bloodstained altar of Trog.
   941 | D:2      | Reached skill level 5 in Axes
  1025 | D:2      | Reached XP level 4. HP: 16/39 MP: 3/3
  1201 | D:2      | Found a faded altar of an unknown god.
  1219 | D:2      | Found an opulent altar of Gozag.
  1388 | D:3      | Found a glowing golden altar of the Shining One.
  1635 | D:3      | Reached skill level 6 in Axes
  1820 | D:3      | Found an opulent altar of Gozag.
  1839 | D:3      | Found a hazy altar of Hepliaklqana.
  1845 | D:3      | Found a snail-covered altar of Cheibriados.
  1947 | D:4      | Reached XP level 5. HP: 37/45 MP: 4/4
  2085 | D:4      | Noticed an ogre
  2085 | D:4      | Noticed Edmund
  2090 | D:4      | Killed an ogre
  2090 | D:4      | Reached skill level 7 in Axes
  2103 | D:4      | Killed Edmund
  2103 | D:4      | Reached skill level 8 in Axes
  2103 | D:4      | Reached XP level 6. HP: 9/51 MP: 5/5
  2496 | D:4      | Noticed Grinder
  2503 | D:4      | Killed Grinder
  2503 | D:4      | Reached skill level 9 in Axes
  2503 | D:4      | Reached XP level 7. HP: 51/57 MP: 6/6
  2559 | D:4      | Found a staircase to the Ecumenical Temple.
  2568 | Temple   | Entered the Ecumenical Temple
  2581 | Temple   | Became a worshipper of Warmaster Okawaru
  2746 | D:4      | Reached skill level 10 in Axes
  3048 | D:4      | Reached * piety under Okawaru
  3290 | D:5      | Entered Level 5 of the Dungeon
  3378 | D:5      | Reached skill level 11 in Axes
  3410 | D:5      | Reached XP level 8. HP: 59/64 MP: 7/7
  3636 | D:5      | Reached skill level 12 in Axes
  3677 | D:5      | Noticed Eustachio
  3687 | D:5      | Killed Eustachio
  3770 | D:5      | Found a shattered altar of Ashenzari.
  4173 | D:5      | Reached skill level 13 in Axes
  4658 | D:6      | Reached ** piety under Okawaru
  4730 | D:6      | Reached XP level 9. HP: 70/70 MP: 8/8
  4771 | D:6      | Found a blossoming altar of Fedhas.
  4870 | D:6      | Noticed Duvessa
  4870 | D:6      | Noticed Dowan
  4877 | D:6      | Killed Duvessa
  4889 | D:6      | Killed Dowan
  4969 | D:6      | Reached skill level 14 in Axes
  5475 | D:7      | Reached skill level 18 in Axes
  5475 | D:7      | Reached XP level 10. HP: 77/77 MP: 9/9
  5532 | D:7      | Got a pair of polished gloves
  5544 | D:7      | Identified the cursed -2 pair of gloves of the Shining
                  | Light {rElec rC- Str+4 Dex+3} (You found it on level 7 of
                  | the Dungeon)
  6012 | D:7      | Paralysed by a hornet for 2 turns
  6017 | D:7      | Reached skill level 1 in Invocations
  6025 | D:7      | Reached *** piety under Okawaru
  6362 | D:7      | Found a sacrificial altar of Ru.
  6673 | D:7      | Found a runed translucent door.
  6674 | D:7      | Noticed Crazy Yiuf
  6738 | D:7      | Killed Crazy Yiuf
  6867 | D:8      | Noticed Grum
  6876 | D:8      | Reached skill level 5 in Fighting
  7100 | D:8      | Killed Grum
  7631 | D:8      | Noticed a two-headed ogre
  7640 | D:8      | Killed a two-headed ogre
  7640 | D:8      | Reached **** piety under Okawaru
  7640 | D:8      | Reached skill level 5 in Armour
  7640 | D:8      | Reached XP level 11. HP: 43/89 MP: 11/11
  8305 | D:9      | Found a staircase to the Lair.
  8650 | D:9      | Found a staircase to the Orcish Mines.
  8678 | D:9      | Found a shimmering blue altar of Sif Muna.
  8678 | D:9      | Found an ancient bone altar of Kikubaaqudgha.
  8866 | D:9      | Found a basalt altar of Yredelemnul.
  9036 | D:10     | Entered Level 10 of the Dungeon
  9047 | D:10     | Found a runed translucent gate.
  9048 | D:10     | Found a runed translucent gate.
  9048 | D:10     | Found a runed translucent gate.
  9048 | D:10     | Noticed a deep elf archer
  9048 | D:10     | Noticed Erac's ghost (journeyman MfTm)
  9140 | D:10     | Reached ***** piety under Okawaru
  9544 | D:10     | Noticed Fannar
  9564 | D:10     | Killed Fannar
  9794 | D:10     | Found a white marble altar of Elyvilon.
  9864 | D:10     | Noticed Josephine
  9883 | D:10     | Killed Josephine
 10327 | D:11     | Noticed a six-headed hydra
 10669 | Lair:1   | Entered Level 1 of the Lair of Beasts
 10959 | Lair:1   | Received a gift from Okawaru
 10959 | Lair:1   | Reached skill level 19 in Axes
 11053 | Lair:1   | Found a runed translucent gate.
 11053 | Lair:1   | Found a runed translucent gate.
 11054 | Lair:1   | Found a runed translucent gate.
 11191 | Lair:1   | Noticed Purph's ghost (journeyman MiBe)
 11717 | Lair:2   | Found a hole to the Spider Nest.
 11728 | Lair:2   | Reached XP level 12. HP: 96/105 MP: 14/14
 11856 | Lair:2   | Reached skill level 5 in Invocations
 12240 | Lair:3   | Noticed a five-headed hydra
 12263 | Lair:3   | Killed a five-headed hydra
 12777 | Lair:3   | Noticed an eight-headed hydra
 12787 | Lair:3   | Killed an eight-headed hydra
 12787 | Lair:3   | Reached skill level 10 in Fighting
 12820 | Lair:3   | Noticed a six-headed hydra
 12828 | Lair:3   | Killed a seven-headed hydra
 13905 | Lair:4   | Noticed Nergalle
 13912 | Lair:4   | Killed Nergalle
 14008 | Lair:4   | Found a staircase to the Swamp.
 15306 | Lair:5   | Noticed a death yak
 15308 | Lair:5   | Noticed a death yak
 15315 | Lair:5   | Noticed a death yak
 15326 | Lair:4   | Killed a death yak
 15469 | Lair:5   | Noticed a death yak
 15479 | Lair:5   | Killed a death yak
 15483 | Lair:5   | Killed a death yak
 15483 | Lair:5   | Reached XP level 13. HP: 108/117 MP: 14/17
 15644 | Lair:5   | Noticed Rupert
 15663 | Lair:5   | Killed Rupert
 15663 | Lair:5   | Received a gift from Okawaru
 15668 | Lair:5   | Got a transparent chain mail
 15697 | Lair:5   | Identified the cursed +1 chain mail "Foukka" {-Tele rC+
                  | Str+6 Int+3} (You found it on level 5 of the Lair of
                  | Beasts)
 15758 | Lair:5   | Found a viscous altar of Jiyva.
 15759 | Lair:5   | Found a staircase to the Slime Pits.
 16232 | Lair:6   | Entered Level 6 of the Lair of Beasts
 17884 | Lair:6   | Reached skill level 10 in Armour
 17946 | Lair:6   | HP: 6/122 [wyvern (4)]
 17946 | Lair:6   | HP: 2/122 [basilisk (3)]
 17947 | Lair:6   | Mangled by a wyvern

Levels and vault maps discovered:
D:1:      dpeg_arrival_long_road, layout_loops_corners
D:2:      layout_rooms, nicolae_overflow_crystal_walls,
          amethyst_overflow_temple_binary,
          chequers_ecumenical_altar_simple_redux, grunt_gozag_breadcrumbs
D:3:      layout_loops_ring, nicolae_overflow_hidden_temple,
          lemuel_doored_altar, minitemple
D:4:      layout_loops_ring, lemuel_temple_firewalk_b,
          kennysheep_opposing_triangles, uniq_grinder, uniq_edmund
D:5:      layout_layer_cave, marbit_many_paths, first_ration, uniq_eustachio
D:6:      layout_basic, fedhas_altar_2, uniq_duvessa
D:7:      layout_loops_ring, kennysheep_mini_moat, uniq_crazy_yiuf_cottage
D:8:      layout_basic, uniq_grum
D:9:      layout_basic, kennysheep_mini, gammafunk_temple_overflow_wave,
          david_lair_shrubbed
D:10:     layout_stronghold, basic_altar, gammafunk_ghost_split,
          hangedman_little_slice_of_home, hex_tiny, uniq_fannar, uniq_josephine
D:11:     layout_cave_pools, ploomutoo_gammafunk_ghost_potion_laboratory
Temple:   corrupted_temple
Lair:1:   layout_chaotic_city, gammafunk_ghost_necromancy,
          eino_small_chamber_without_monster
Lair:2:   layout_small_grid, spider_nest_entry_funnel_web
Lair:3:   layout_small_grid, chequers_serial_rivers_micro_b
Lair:4:   layout_long_grid, skrybe_swamp_entry_bodies, uniq_nergalle
Lair:5:   layout_regular_city, slime_altar_1, grunt_megastairs_3,
          serial_bayou_shore_b, uniq_rupert
Lair:6:   minmay_lair_end_enchanted_forest, layout_long_grid, special_room
          [special_room_mythical_zoo]

Skill      XL: |  1  2  3  4  5  6  7  8  9 10 11 12 13 |
---------------+----------------------------------------+-----
Axes           | 3 4 5 6 8 9 11 13 18 19 | 19.9
Fighting       | 6 9 11 13 | 13.4
Armour         | 5 7 9 10 | 10.2
Invocations    | 2 4 6 7 |  7.9
Shields        | |  3.6

Action                   |  1- 3 |  4- 6 |  7- 9 | 10-12 | 13-15 || total
-------------------------+-------+-------+-------+-------+-------++-------
Melee: War axe           |    88 |   111 |   233 |   650 |   148 ||  1230
       Headbutt          |    12 |    12 |    36 |   185 |    46 ||   291
       Mace              |       |       |       |    25 |    18 ||    43
Invok: Heroism           |       |       |       |    10 |     5 ||    15
       Finesse           |       |       |       |     1 |     2 ||     3
Evoke: Wand              |       |       |       |     3 |       ||     3
  Use: Potion            |       |     4 |     1 |     3 |     5 ||    13
       Scroll            |       |       |    12 |    18 |     6 ||    36
  Eat: Chunk             |       |     5 |     5 |     6 |       ||    16
       Ration            |       |       |     2 |     8 |     2 ||    12
Armor: Scale mail        |    37 |    41 |    12 |       |       ||    90
       Skin              |       |     3 |       |       |       ||     3
       Plate armour      |       |       |    96 |   359 |   154 ||   609
Dodge: Dodged            |    20 |    26 |    33 |   139 |    80 ||   298
Block: Shield            |    41 |    53 |    74 |   307 |   108 ||   583
